AoeStats
← hahnbaer

Nomad

503665868Analyzed
3v3 RM · 29d ago on Sep 1, 2026· 46m 4s· 6 players
Game mode
Random Map
Map size
210×210
Population
200
Speed
Normal
Resources
Standard
Victory
Conquest
Starting age
Dark Age
Ending age
Imperial Age
RankedLock teamsTeams togetherTeam positionsShared explorationLock speedFull tech treeHidden civsTurbo modeCheats
Victory
Defeat
🇮🇹 Saracens · Italy
1074
+11
🇩🇪 Maya · Germany
1061
+12
🇮🇹 Byzantines · Italy
990
+15
🇧🇪 Franks · Belgium
991
-14
🇧🇪 Malay · Belgium
981
-13
🇧🇪 Vietnamese · Belgium
923
-11
Renesis
7:38 Loom
14:53 Feudal Age
15:52 Fishing Lines
18:42 Forging
19:10 Gold Mining
19:10 Double-Bit Axe
22:51 Castle Age
22:01 Wheelbarrow
21:28 Fletching
21:44 Stone Mining
22:15 Horse Collar
23:53 Medium Warships
24:48 Gillnets
25:27 Husbandry
26:33 Hand Cart
26:52 Bodkin Arrow
28:30 Heavy Plow
30:49 Iron Casting
35:57 Bow Saw
35:40 Treadmill Crane
41:16 Imperial Age
38:56 Scale Barding Armor
40:30 Chain Barding Armor
43:31 Conscription
44:07 Hoardings
45:00 Plate Barding Armor
45:59 Chemistry
46:08 Heavy Warships
45:54 Greek Fire
hahnbaer
3:44 Loom
14:59 Feudal Age
15:39 Double-Bit Axe
15:36 Horse Collar
16:00 Gold Mining
17:26 Forging
19:02 Wheelbarrow
26:04 Castle Age
34:23 Bow Saw
35:17 Fletching
37:18 Bodkin Arrow
38:16 Crossbowman
GiuGiu
5:39 Loom
13:52 Feudal Age
14:40 Double-Bit Axe
15:20 Fishing Lines
16:27 Wheelbarrow
20:05 Castle Age
18:40 Fletching
19:46 Scale Barding Armor
20:41 Stone Mining
20:42 Gold Mining
22:11 Medium Warships
22:44 Chain Barding Armor
23:34 Gillnets
28:47 Forging
30:46 Horse Collar
31:55 Bodkin Arrow
35:23 Iron Casting
34:48 Padded Archer Armor
35:26 Bloodlines
35:17 Husbandry
36:14 Ballistics
38:43 Light Cavalry
39:45 Hand Cart
41:34 Gold Shaft Mining
40:25 Elite Skirmisher
43:30 Town Watch
44:27 Thumb Ring
48:43 Imperial Age
drolf
11:45 Loom
15:13 Feudal Age
24:47 Castle Age
24:55 Fletching
31:09 Pikeman
34:03 Double-Bit Axe
37:12 Wheelbarrow
40:01 Bodkin Arrow
41:27 Forging
asauw
7:23 Loom
14:20 Feudal Age
16:12 Wheelbarrow
16:17 Fishing Lines
21:09 Castle Age
19:33 Double-Bit Axe
20:45 Scale Barding Armor
21:44 Gold Mining
25:06 Husbandry
26:09 Chain Barding Armor
32:26 Scale Mail Armor
36:53 Forging
38:23 Iron Casting
38:31 Fletching
Kwak
6:05 Loom
14:52 Feudal Age
16:07 Double-Bit Axe
21:27 Castle Age
19:16 Horse Collar
19:28 Gold Mining
22:29 Medium Warships
22:02 Fishing Lines
22:27 Heavy Plow
21:49 Crossbowman
23:03 Fletching
25:16 Thumb Ring
29:40 Bow Saw
33:12 Wheelbarrow
33:49 Ballistics
33:19 Town Watch
35:48 Bodkin Arrow
35:54 Padded Archer Armor
36:05 Forging
35:18 Pikeman
37:08 Squires
38:01 Gillnets
40:17 Leather Archer Armor
40:38 Iron Casting
40:05 Scale Mail Armor
40:32 Hand Cart
43:15 Chain Mail Armor
43:49 Town Patrol
44:13 Careening
45:48 Clinker Construction
Connection lost

Rejoining the realm…

Still unreachable

The connection could not be restored.

Session expired

The server has moved on; the page needs a fresh start.